AoeStats
← Runxi24

QS Arena

503355446Analyzed
3v3 RM · 1mo ago on Aug 31, 2026· 35m 36s· 6 players
Game mode
Random Map
Map size
Normal (6 player)
Population
200
Speed
Normal
Resources
Standard
Victory
Conquest
Starting age
Dark Age
Ending age
Imperial Age
RankedLock teamsTeams togetherTeam positionsShared explorationLock speedFull tech treeHidden civsTurbo modeCheats
Victory
Defeat
🇨🇳 Ethiopians · China
1166
+17
🇸🇰 Mongols · Slovakia
1105
+20
🇦🇺 Wei · Australia
1104
+20
🇪🇸 Poles · Spain
1187
-19
🇹🇷 Bohemians · Türkiye
1184
-19
🇬🇧 Chinese · United Kingdom
1182
-19
boluwatifeajibade
0:31 Loom
9:18 Feudal Age
13:24 Castle Age
11:41 Horse Collar
13:19 Double-Bit Axe
19:43 Bow Saw
22:36 Heavy Plow
23:12 Wheelbarrow
Runxi24
8:18 Feudal Age
11:56 Castle Age
9:57 Double-Bit Axe
10:16 Horse Collar
12:50 Wheelbarrow
14:43 Bow Saw
17:34 Scale Barding Armor
20:48 Chain Barding Armor
20:41 Bloodlines
20:32 Husbandry
20:50 Heavy Plow
21:53 Loom
22:25 Hand Cart
22:35 Szlachta Privileges
25:52 Forging
28:13 Iron Casting
31:38 Imperial Age
30:33 Fletching
30:52 Crossbowman
31:39 Thumb Ring
31:34 Bodkin Arrow
31:03 Elite Skirmisher
32:04 Cavalier
32:08 Arbalester
32:56 Padded Archer Armor
32:56 Bracer
34:04 Blast Furnace
35:41 Chemistry
ChuckMawHinneyS
7:33 Feudal Age
8:00 Double-Bit Axe
14:29 Castle Age
12:39 Horse Collar
13:25 Padded Archer Armor
13:22 Fletching
15:10 Bodkin Arrow
15:44 Bow Saw
16:59 Wheelbarrow
17:49 Chemistry
18:34 Wheelbarrow
24:44 Leather Archer Armor
25:21 Ballistics
26:55 Wheelbarrow
26:37 Loom
32:04 Imperial Age
31:41 Heavy Plow
32:54 Bracer
33:25 Ring Archer Armor
33:14 Town Watch
36:18 Conscription
likempcuser
8:30 Feudal Age
12:18 Castle Age
10:10 Double-Bit Axe
10:09 Horse Collar
13:39 Bow Saw
18:34 Wheelbarrow
18:04 Gold Mining
18:52 Bow Saw
23:16 Hand Cart
22:49 Loom
22:53 Town Watch
26:28 Imperial Age
24:05 Stone Mining
24:51 Gold Shaft Mining
24:18 Heavy Plow
24:29 Fletching
24:40 Padded Archer Armor
27:44 Bodkin Arrow
28:04 Leather Archer Armor
30:09 Caravan
30:20 Elite Mangudai
30:25 Onager
31:43 Conscription
31:47 Bracer
33:59 Drill
33:58 Leather Archer Armor
34:05 Ballistics
34:46 Chemistry
KingJo
9:35 Feudal Age
13:26 Castle Age
11:57 Double-Bit Axe
11:59 Horse Collar
13:55 Stone Mining
14:46 Bow Saw
15:20 Heavy Plow
19:22 Wheelbarrow
18:37 Loom
19:21 Gold Mining
27:11 Imperial Age
25:38 Stone Shaft Mining
25:42 Gold Shaft Mining
25:52 Scale Barding Armor
25:59 Forging
26:04 Bloodlines
27:02 Chain Barding Armor
26:44 Husbandry
27:13 Hand Cart
27:16 Heavy Hei Guang Cavalry
28:33 Iron Casting
28:50 Crop Rotation
29:43 Conscription
30:38 Tuntian
32:57 Blast Furnace
32:37 Town Watch
Gentle Foam
8:49 Feudal Age
10:55 Loom
13:47 Castle Age
13:49 Double-Bit Axe
14:03 Horse Collar
14:20 Gold Mining
20:22 Fletching
30:29 Heavy Plow
31:48 Wheelbarrow
31:34 Bow Saw
37:53 Imperial Age
36:29 Hand Cart
Connection lost

Rejoining the realm…

Still unreachable

The connection could not be restored.

Session expired

The server has moved on; the page needs a fresh start.